Map: Ley Lines

Players

tiotiwi

  • Race: Terran Terran
  • League: Master
  • Spawn Location: 7:00

Sindyr - Winner!

  • Race: Zerg Zerg
  • League: Master
  • Spawn Location: 1:00

VOD

Have the link to the VOD?

Description

Time

  • Played on: Sept. 17, 2025, 6:47 a.m.
  • Length: 30:50
Show
View Real Time Build Order
Export as new Build Order

tiotiwi Terran 

Build Orders:  

Get SALT Encoding   

  12  0:14  SCV  
  12  0:16  Supply Depot  
  13  0:25  Supply Depot  
  13  0:34  Refinery  
  13  0:48  Barracks  
  13  0:58  Refinery, SCV  
  14  1:10  SCV  
  15  1:22  SCV  
  16  1:34  SCV  
  17  1:43  Ghost Academy  
  17  1:46  Reaper  
  18  2:02  Orbital Command  
  18  2:16  Bunker  
  18  2:18  Reaper  
  19  2:28  SCV  
  20  2:50  Marine  
  21  3:08  Marine  
  22  3:13  SCV  
  23  3:25  Marine  
  23  3:26  SCV  
  24  3:38  SCV  
  25  3:43  Marine  
  26  3:50  SCV  
  27  4:02  SCV  
  27  4:07  Personal Cloaking  
  27  4:11  Barracks  
  27  4:15  Factory  
  27  4:20  Marine  
  28  4:24  Ghost Academy  
  28  4:38  Marine  
  29  4:45  Engineering Bay  
  29  4:56  Marine, Command Center  
  30  5:00  Barracks Tech Lab  
  30  5:01  Factory Tech Lab  
  30  5:13  Marine  
  31  5:19  Bunker x2  
  31  5:29  Supply Depot  
  31  5:30  Nuke  
  31  5:31  Marine  
  32  5:55  Missile Turret  
  32  6:02  Sensor Tower  
  32  6:06  Refinery  
  32  6:09  Neosteel Armor  
  32  6:25  Refinery  
  32  6:33  Missile Turret  
  32  6:37  Missile Turret  
  32  6:41  Orbital Command  
  32  6:55  Missile Turret  
  32  6:58  Missile Turret  
  32  6:59  Marine  
  33  7:02  Siege Tank  
  36  7:10  Ghost  
  39  7:16  Marine  
  39  7:17  Missile Turret  
  39  7:21  Missile Turret  
  40  7:30  Concussive Shells  
  40  7:34  Siege Tank, Marine  
  44  7:39  Marauder  
  46  7:45  Missile Turret  
  46  7:50  Missile Turret  
  46  7:52  Marine  
  47  8:06  Siege Tank  
  47  8:10  Marine  
  51  8:14  Barracks  
  51  8:21  Ghost  
  54  8:30  Starport  
  54  8:33  Terran Infantry Weapons Level 1  
  54  8:35  Armory  
  54  8:44  SCV  
  55  8:56  SCV  
  56  9:08  SCV  
  57  9:16  Starport Tech Lab  
  57  9:20  SCV  
  57  9:24  Armory  
  58  9:29  Barracks Tech Lab  
  58  9:39  Liberator  
  58  9:40  Starport  
  61  9:52  Marauder x2  
  65  9:53  Marine  
  66  10:05  Nuke  
  66  10:11  Marine  
  67  10:21  Liberator  
  70  11:04  Liberator  
  70  11:32  Factory  
  70  11:40  Command Center  
  70  11:47  Liberator  
  73  11:59  Terran Vehicle Weapons Level 1, Terran Ship Weapons Level 1  
  73  12:02  Starport Tech Lab  
  73  12:25  Supply Depot  
  73  12:30  Liberator  
  76  12:47  Supply Depot  
  76  12:48  Nuke x2  
  76  13:10  Supply Depot  
  76  13:41  Refinery  
  76  13:59  Terran Infantry Armor Level 1  
  76  14:01  Terran Vehicle Weapons Level 2  
  76  14:02  Terran Vehicle And Ship Armor Level 1  
  73  14:27  Marine x3  
  76  14:37  SCV  
  77  14:44  Marine x2  
  77  14:45  Marine  
  80  14:49  SCV  
  81  14:53  Factory Tech Lab  
  81  15:01  SCV  
  81  15:02  Marine x3  
  81  15:03  Raven x2  
  89  15:13  SCV  
  90  15:20  Marine x3  
  93  15:25  SCV  
  94  15:36  Banshee  
  94  15:37  Banshee  
  94  15:38  Marine x3  
  103  15:56  Marine, Thor, Marauder x2  
  114  16:05  Supply Depot  
  114  16:07  Terran Infantry Armor Level 2  
  114  16:09  Terran Vehicle And Ship Armor Level 2  
  114  16:13  Marine  
  114  16:17  Terran Ship Weapons Level 2  
  114  16:18  Marauder  
  117  16:23  Planetary Fortress  
  117  16:26  Thor  
  117  16:27  Marauder, Supply Depot  
  125  16:39  Combat Shield  
  125  16:41  Stimpack  
  125  16:49  Marine, Banshee x2, Supply Depot  
  125  16:53  Cloaking Field  
  132  16:54  Interference Matrix  
  132  17:07  Marine  
  133  17:30  Hyperflight Rotors  
  133  17:32  Banshee x2  
  139  17:37  Supply Depot  
  139  17:56  Hellbat  
  141  17:59  Hellbat  
  143  18:14  Banshee x2  
  149  18:24  Hi-Sec Auto Tracking  
  149  18:35  Refinery  
  149  18:44  Hellbat x2  
  153  18:49  Supply Depot  
  153  19:04  Terran Ship Weapons Level 3  
  153  19:05  Hellbat x2  
  153  19:07  Terran Vehicle Weapons Level 3  
  157  19:14  Command Center  
  157  19:20  Command Center  
  157  19:53  Missile Turret  
  157  20:33  Nuke  
  157  20:34  Nuke, Fusion Core  
  157  20:36  Ghost x2  
  146  21:07  Medivac  
  146  21:08  Medivac  
  150  21:20  Orbital Command  
  150  21:22  Orbital Command  
  150  21:37  Medivac  
  150  21:38  Medivac  
  147  21:41  Terran Vehicle And Ship Armor Level 3  
  114  22:07  Marine x3  
  117  22:24  Thor  
  117  22:25  Thor, Marine x3  
  132  22:43  Marine x3  
  134  23:00  Marine  
  134  23:01  Marine x2  
  137  23:07  Thor  
  141  23:18  Marine x2  
  141  23:19  Marine  
  144  23:22  Widow Mine  
  146  23:31  Smart Servos  
  146  23:37  Terran Infantry Weapons Level 2  
  146  23:43  Widow Mine  
  148  23:51  Widow Mine  
  150  24:04  Widow Mine  
  149  24:12  Widow Mine  
  151  24:26  Widow Mine  
  138  24:49  Infernal Pre-Igniter  
  77  26:56  Ghost x2  
  83  27:24  Ghost  
  83  27:25  Ghost  
  89  27:53  Ghost  
  16  29:51  Command Center  
  16  29:52  Command Center  
  16  30:02  Refinery  
  16  30:07  Command Center  
  16  30:12  Command Center  
  1  30:43  Command Center  
Show
View Real Time Build Order
Export as new Build Order

Sindyr Zerg - Winner!

Build Orders: Hatch First 

Get SALT Encoding   

  12  0:02  Drone  
  13  0:13  Overlord  
  13  0:19  Drone  
  14  0:32  Drone x2  
  14  0:35  Drone  
  17  0:52  Hatchery  
  17  0:55  Drone  
  17  0:58  Drone  
  17  1:01  Extractor  
  17  1:15  Spawning Pool  
  17  1:17  Drone  
  17  1:20  Drone  
  18  1:30  Drone  
  19  1:39  Overlord  
  19  1:50  Drone  
  20  2:03  Queen  
  20  2:04  Queen  
  20  2:07  Zergling x4  
  26  2:13  Drone  
  27  2:18  Drone  
  27  2:22  Metabolic Boost  
  28  2:39  Queen  
  28  2:40  Queen  
  32  2:48  Drone x3  
  35  2:53  Overlord  
  35  3:16  Lair  
  35  3:28  Roach Warren  
  34  3:47  Drone x6  
  34  3:48  Drone x4  
  44  4:06  Overlord x2  
  44  4:19  Overlord x3  
  44  4:20  Overlord  
  44  4:28  Evolution Chamber  
  44  4:30  Drone x4  
  47  4:31  Extractor  
  46  4:49  Extractor  
  46  4:50  Extractor  
  44  4:57  Zerg Missile Weapons Level 1, Glial Reconstitution  
  44  5:17  Drone x3  
  44  5:18  Drone x3  
  44  5:21  Drone x3  
  53  5:32  Drone x2  
  55  5:35  Evolution Chamber  
  54  5:46  Hatchery  
  53  5:50  Spire  
  53  5:55  Spore Crawler  
  51  5:57  Spore Crawler  
  50  6:09  Overseer x3  
  50  6:10  Overseer  
  50  6:14  Pneumatized Carapace  
  50  6:21  Zerg Ground Armor Level 1  
  50  7:03  Queen  
  50  7:07  Drone x20  
  50  7:08  Drone x5  
  77  7:09  Hatchery  
  77  7:14  Zerg Flyer Armor Level 1  
  76  7:16  Infestation Pit  
  76  7:18  Zerg Missile Weapons Level 2  
  76  7:20  Drone  
  76  7:21  Drone x2  
  78  7:27  Extractor  
  78  7:28  Extractor  
  76  7:39  Hatchery  
  75  7:48  Spine Crawler  
  75  7:49  Spine Crawler  
  73  7:51  Spore Crawler  
  73  7:55  Spine Crawler  
  71  8:04  Drone x2  
  71  8:05  Drone  
  74  8:06  Overlord x3  
  74  8:09  Hive  
  74  8:18  Zerg Ground Armor Level 2  
  74  8:45  Extractor  
  74  8:46  Extractor  
  72  8:53  Drone x4  
  72  8:54  Drone x7  
  72  8:55  Drone x4  
  87  8:56  Drone  
  88  9:03  Queen  
  88  9:07  Drone  
  91  9:35  Zerg Missile Weapons Level 3  
  91  9:37  Greater Spire  
  91  10:23  Hatchery  
  90  10:31  Ultralisk Cavern  
  68  10:50  Roach  
  68  10:51  Roach x27, Mutalisk x3  
  68  10:52  Roach x2  
  68  10:53  Overlord  
  68  10:54  Overlord x2  
  132  11:48  Spore Crawler  
  132  11:51  Spore Crawler  
  132  11:53  Spine Crawler  
  129  11:56  Spore Crawler  
  128  12:03  Drone x18  
  128  12:04  Drone x7  
  153  12:25  Zerg Ground Armor Level 3, Zerg Melee Weapons Level 1  
  153  12:28  Zerg Flyer Armor Level 2, Hatchery  
  152  12:48  Spore Crawler  
  152  12:51  Spore Crawler  
  150  12:53  Spore Crawler  
  150  12:58  Spine Crawler  
  148  12:59  Drone x3  
  148  13:00  Hydralisk Den  
  150  13:28  Drone  
  150  13:29  Drone x4  
  150  13:30  Spore Crawler x2  
  150  13:31  Spore Crawler  
  152  13:46  Tunneling Claws  
  152  13:47  Adrenal Glands  
  152  14:26  Zerg Melee Weapons Level 2  
  152  14:29  Chitinous Plating  
  152  14:44  Drone x8, Zerg Flyer Weapons Level 1  
  160  15:30  Muscular Augments  
  160  15:34  Overseer  
  160  15:43  Extractor x2  
  160  15:48  Anabolic Synthesis  
  158  15:50  Extractor  
  158  15:53  Extractor  
  156  16:09  Spore Crawler  
  156  16:11  Spore Crawler  
  154  16:26  Overlord x2  
  154  16:27  Overlord, Hatchery  
  153  16:34  Grooved Spines  
  153  16:38  Zerg Flyer Armor Level 3  
  153  16:44  Zerg Melee Weapons Level 3  
  153  17:11  Drone  
  153  17:12  Drone x7  
  153  17:13  Drone x4  
  165  17:16  Overlord  
  165  17:17  Overlord x4  
  165  18:05  Unknown  
  164  18:28  Unknown  
  164  18:46  Queen  
  166  19:13  Corruptor  
  166  19:14  Corruptor x6  
  166  19:15  Corruptor x4  
  166  19:16  Corruptor x4  
  166  19:17  Corruptor x2  
  190  20:49  Brood Lord x7  
  196  20:50  Brood Lord x5  
  196  20:51  Roach  
  196  20:52  Roach x6, Zergling x2  
  196  20:53  Zergling x26  
  196  20:54  Zergling x12  
  196  20:55  Zergling x4  
  200  21:08  Zerg Flyer Weapons Level 2  
  200  21:14  Extractor  
  184  21:43  Overlord x4  
  184  21:44  Zergling x2  
  184  21:45  Roach x5, Zergling x10  
  184  21:46  Roach x7, Zergling x12  
  184  21:47  Roach x2, Zergling x6  
  200  23:19  Extractor  
  199  23:53  Hatchery  
  198  24:05  Corruptor, Overlord  
  193  24:46  Ultralisk  
  184  25:20  Spawning Pool  
  181  25:25  Spawning Pool  
  171  25:39  Ultralisk x4  
  191  25:58  Corruptor x4  
  191  26:03  Extractor  
  196  26:05  Extractor  
  176  26:26  Zergling x2, Ultralisk  
  176  26:27  Zergling x2, Roach x2, Ultralisk x2  
  198  28:36  Zergling x2  
  198  28:37  Roach x7, Zergling x2  
  198  28:39  Roach  
  198  28:41  Roach  
  183  28:55  Zergling x6  
  183  28:56  Zergling x26  
  195  29:24  Zergling x10  
  195  29:46  Queen  
Tags
 
Matchup
TvZ
Replay Pack
Multiplayer
Spawn Locations
Cross Positions
Add a new tag
Caveats
  • Supply blocks, unpowered buildings, or Contaminate may cause inaccurate times.
  • Supply counts are checked every 10 seconds.